 Dungeon Crawl Stone Soup version 0.26.0-45-g9c1d065592 (webtiles) character file.

Game seed: 17723212648222678218

70 dze the Insei (level 4, -1/33 HPs)
             Began as a Merfolk Transmuter on Jan 29, 2021.
             Slain by an adder (5 damage)
             ... on level 3 of the Dungeon.
             The game lasted 00:18:56 (3106 turns).

dze the Insei (Merfolk Transmuter)                  Turns: 3106, Time: 00:18:57

Health: -1/33      AC:  2    Str:  8 (10) XL:     4   Next: 21%
Magic:  16/16      EV: 13    Int: 10 (13) God:
Gold:   123        SH:  0    Dex: 11 (14) Spells: 4/7 levels left

rFire    . . .     SeeInvis .     - Unarmed
rCold    . . .     Faith    .   (no shield)
rNeg     + . .     Spirit   .   a - +0 robe
rPois    .         Reflect  .   (helmet currently unavailable)
rElec    .         Harm     .   (no cloak)
rCorr    .         Rampage  .   (no gloves)
Will     .....                  (boots currently unavailable)
Stlth    ++........             (no amulet)
HPRegen  0.11/turn              i - ring of magical power
MPRegen  0.15/turn              l - ring of positive energy

@: lethally poisoned (-1 -> -3), appendages (expiring)
A: change form in water, swift swim, stealthy swim, horns 2
a: End Transformation


You were on level 3 of the Dungeon.
You had grown temporary horns.
You visited 1 branch of the dungeon, and saw 3 of its levels.

You collected 123 gold pieces.

Inventory:

Missiles
 e - 10 poisoned darts (quivered)
Armour
 a - a +0 robe (worn)
 c - a +0 pair of boots (melded)
Jewellery
 i - a ring of magical power (left hand)
 l - a ring of positive energy (right hand)
Wands
 j - a wand of disintegration (14)
Scrolls
 b - 5 scrolls of identify
 k - a scroll of enchant armour {unknown}
 m - a scroll of remove curse {unknown}
 n - a scroll of enchant weapon {unknown}
Potions
 d - 3 potions of degeneration


   Skills:
 + Level 1.9 Fighting
 + Level 3.3 Dodging
 + Level 1.6 Stealth
 * Level 3.8 Unarmed Combat
 + Level 2.3 Spellcasting
 * Level 3.4 Transmutations


You had 4 spell levels left.
You knew the following spells:

 Your Spells              Type           Power        Failure   Level
a - Beastly Appendage     Tmut           16%          8%          1
s - Wereblood             Tmut           8%           11%         2

Your spell library contained the following spells:

 Spells                   Type           Power        Failure   Level
 Spider Form              Tmut/Pois      2%           41%         3
 Ice Form                 Ice/Tmut       4%           83%         4
 Blade Hands              Tmut           4%           90%         5


Dungeon Overview and Level Annotations

Branches:
Dungeon (3/15)

Altars:
Ashenzari


Innate Abilities, Weirdness & Mutations

You revert to your normal form in water.
You are very nimble and swift while swimming.
You are very stealthy in the water. (Stealth+)
You have a pair of horns on your head.


Message History

The adder is almost dead.
The adder barely misses you.
You hit the adder but do no damage.
The adder is severely wounded.
You feel sick. The adder bites you.
* * * LOW HITPOINT WARNING * * *
You hit the adder but do no damage. You punch the adder, but do no damage.
The adder is severely wounded.
Your transformation is almost over.
The adder bites you.
* * * LOW HITPOINT WARNING * * *
You feel better. The adder bites you.
* * * LOW HITPOINT WARNING * * *
You are poisoned.
The adder poisons you! The adder bites you.
* * * LOW HITPOINT WARNING * * *
You miss the adder.
The adder is severely wounded.
You feel sick. The adder bites you.
You die...

............#
............#
............#
.....>......#
.....)...(.#
$.......)..#
..(...S#...#
...## ##
#.@<#
⌠.?.###..
#.###
........ #.
...>... ..
..... ...
##.h.## ...#
###...†.#
#.##
#....<... #.
#..........
..⌠...###..


You could see an adder.

Vanquished Creatures
  An ooze (D:1)
  2 worms (D:2)
  3 leopard geckos
  3 giant cockroaches
  4 goblins
  5 hobgoblins
  7 jackals
  6 kobolds
  A quokka (D:2)
  9 bats
  7 frilled lizards
  5 rats
53 creatures vanquished.

Notes
Turn   | Place    | Note
-------+----------+-------------------------------------------
     0 | D:1      | dze the Merfolk Transmuter began the quest for the Orb.
     0 | D:1      | Reached XP level 1. HP: 15/15 MP: 3/3
   233 | D:1      | Reached XP level 2. HP: 21/21 MP: 3/5
   376 | D:1      | Reached skill level 1 in Stealth
   807 | D:1      | Reached XP level 3. HP: 23/26 MP: 4/6
  1481 | D:1      | Learned a level 2 spell: Wereblood
  2437 | D:2      | Reached XP level 4. HP: 33/33 MP: 7/7
  2588 | D:2      | Found a broken altar of Ashenzari.
  2773 | D:2      | HP: 1/33 [goblin/+1 dagger of venom (4)]
  3106 | D:3      | Slain by an adder

Illustrated notes

Levels and vault maps discovered:
D:1:      wander_arrival_desolate, layout_basic, minmay_pentomino_x4
D:2:      layout_rooms, ashenzari_altar_1, hex_medium
D:3:      layout_rooms, bloody_trog, chequers_decorated_corner,
          serial_park_tiny_1, grunt_ministairs_13, lemuel_altar_in_water

Skill      XL: |  1  2 |
---------------+-------+-----
Dodging        | 3 |  3.3
Stealth        | 1 |  1.6
Transmutations | 3 |  3.4
Fighting       | |  1.9
Unarmed Combat | |  3.8
Spellcasting   | |  2.3

Action                   |  1- 3 |  4- 6 || total
-------------------------+-------+-------++-------
Melee: Unarmed           |   105 |    49 ||   154
       Headbutt          |    13 |     6 ||    19
       Punch             |     4 |     2 ||     6
 Cast: Beastly Appendage |    24 |     7 ||    31
       Wereblood         |     3 |     1 ||     4
  Use: Scroll            |     1 |     1 ||     2
       Potion            |       |     4 ||     4
 Stab: Sleeping          |     2 |       ||     2
Armor: Robe              |    26 |    12 ||    38
Dodge: Dodged            |    71 |    51 ||   122
